[Event "Titled Tuesday Blitz May 23 Early 2023"]
[White "Fier, Alexandr"]
[Black "Tologon tegin, Semetei"]
[WhiteFideId "2107139"]
[BlackFideId "13800574"]
[WhiteElo "2610"]
[BlackElo "2247"]
[Result "1-0"]
[Round "06"]
[TimeControl "180+2"]
[Date "2023.05.23"]
[WhiteClock "0:01:39"]
[BlackClock "0:00:00"]

1. c4 e6 2. b3 d5 3. Bb2 c5 4. Nf3 Nc6 5. e3 Nf6 6. Nc3 Be7 7. cxd5 Nxd5 8. Qc2 O-O 9. h4 f5 10. Nxd5 exd5 11. a3 Be6 12. d4 cxd4 13. Nxd4 Nxd4 14. Bxd4 Bf6 15. Qb2 Rc8 16. Bd3 Qe7 17. g3 a6 18. O-O Bxd4 19. Qxd4 Qf6 20. Qxf6 Rxf6 21. Rac1 Rff8 22. b4 Kf7 23. Kg2 Ke7 24. Kf3 g6 25. Kf4 Kf6 26. a4 h6 27. a5 g5+ 28. hxg5+ hxg5+ 29. Kf3 Ke5 30. Rh1 d4 31. exd4+ Kxd4 32. Rcd1 Bd5+ 33. Be4+ Kc3 34. Bxd5 1-0


[Site "https://www.chess.com"]

[Event "Titled Tuesday Blitz May 23 Early 2023"]
[White "Degenbaev, Aziz"]
[Black "Pranav Anand"]
[WhiteFideId "13802640"]
[BlackFideId "46626786"]
[WhiteElo "2152"]
[BlackElo "2389"]
[Result "0-1"]
[Round "06"]
[TimeControl "180+2"]
[Date "2023.05.23"]
[WhiteClock "0:00:01"]
[BlackClock "0:01:15"]

1. e4 b6 2. d4 Bb7 3. Nc3 e6 4. Nf3 Bb4 5. Bd3 Nf6 6. Qe2 d5 7. e5 Ne4 8. O-O Nxc3 9. bxc3 Bxc3 10. Rb1 h6 11. Rb3 Ba5 12. Ba3 Nd7 13. Qe3 Rb8 14. Rfb1 Bc6 15. Bb5 Bxb5 16. Rxb5 Rc8 17. Rxd5 exd5 18. e6 Nf6 19. Ne5 fxe6 20. Qd3 Ne4 21. f3 c5 22. fxe4 O-O 23. dxc5 bxc5 24. Rb7 dxe4 25. Qxd8 Rcxd8 26. h3 e3 27. Bxc5 e2 28. Nd3 Rxd3 0-1


[Site "https://www.chess.com"]

[Event "Titled Tuesday Blitz May 23 Early 2023"]
[White "Rostovtsev, Dmitry"]
[Black "gueraumasague"]
[WhiteFideId "34278320"]
[WhiteElo "2344"]
[BlackElo "2536"]
[Result "1-0"]
[Round "06"]
[TimeControl "180+2"]
[Date "2023.05.23"]
[WhiteClock "0:00:13"]
[BlackClock "0:00:00"]

1. e4 g6 2. d4 Bg7 3. Nc3 c6 4. Nf3 d5 5. h3 dxe4 6. Nxe4 Nf6 7. Bd3 O-O 8. O-O Nbd7 9. Bf4 Qb6 10. Rb1 Nxe4 11. Bxe4 Nf6 12. Bd3 Nd5 13. Bh2 Re8 14. a3 Bh6 15. c4 Nf4 16. Bc2 Be6 17. b3 Rad8 18. Re1 Bc8 19. Kh1 Ne6 20. Be5 f6 21. c5 Qa6 22. Bd3 Qxa3 23. Bc4 fxe5 24. Rxe5 Rd5 25. Qe1 Nf4 26. g3 Nxh3 27. Ra1 Qb2 28. Re2 Qxa1 29. Qxa1 Bg4 30. Ne5 Bxe2 31. Bxe2 Nxf2+ 32. Kg2 Ne4 33. Bc4 Rf8 34. Nf3 Kg7 35. Bxd5 cxd5 36. Qxa7 Rf7 37. Qxb7 e6 38. Qc6 Be3 39. Qxe6 Rxf3 40. Qe5+ Rf6 41. c6 Kh6 42. Qxf6 Nxf6 43. c7 1-0


[Site "https://www.chess.com"]

[Event "Titled Tuesday Blitz May 23 Early 2023"]
[White "Ilamparthi A R"]
[Black "Filipascu"]
[WhiteFideId "45015775"]
[WhiteElo "2348"]
[BlackElo "2535"]
[Result "1-0"]
[Round "06"]
[TimeControl "180+2"]
[Date "2023.05.23"]
[WhiteClock "0:00:11"]
[BlackClock "0:00:00"]

1. e4 c5 2. Nf3 d6 3. d3 Nc6 4. g3 g6 5. Bg2 Bg7 6. O-O e6 7. c3 Nge7 8. Re1 O-O 9. d4 cxd4 10. cxd4 e5 11. d5 Nd4 12. Nxd4 exd4 13. Nd2 Qb6 14. Nc4 Qc7 15. b3 b5 16. Nd2 Qb6 17. Bb2 a6 18. Nf3 Bg4 19. Bxd4 Bxf3 20. Bxb6 Bxd1 21. Raxd1 Rac8 22. Rc1 Bb2 23. Rb1 Rc2 24. Bf1 Bg7 25. a4 Rb8 26. Be3 f5 27. Bg5 Kf7 28. Bxe7 Kxe7 29. exf5+ Kf7 30. fxg6+ hxg6 31. axb5 Bd4 32. Re2 Rxe2 33. Bxe2 axb5 34. Rc1 Bc5 35. Bd3 b4 36. Re1 Ra8 37. Re2 Ra3 38. Bc4 g5 39. h3 Ra1+ 40. Kg2 Rc1 41. Kf3 Kf6 42. Kg4 Rg1 43. Re6+ Kf7 44. Re2 Kf6 45. Re6+ Kf7 46. Kxg5 Bxf2 47. g4 Bc5 48. h4 Rh1 49. h5 Rh3 50. Rf6+ Ke7 51. Rf5 Rg3 52. Kh4 Rg1 53. Rf3 Bd4 54. Kg5 Be5 55. Kf5 Rh1 56. Kg6 Rh2 57. g5 Rg2 58. h6 Rh2 59. Rf7+ Ke8 60. Bb5+ Kd8 61. Kh7 Rh3 62. g6 1-0


[Site "https://www.chess.com"]

[Event "Titled Tuesday Blitz May 23 Early 2023"]
[White "Harsh Suresh"]
[Black "cristianserban1"]
[WhiteFideId "45018464"]
[WhiteElo "2209"]
[BlackElo "2534"]
[Result "1-0"]
[Round "06"]
[TimeControl "180+2"]
[Date "2023.05.23"]
[WhiteClock "0:01:04"]
[BlackClock "0:00:09"]

1. e4 g6 2. d4 Bg7 3. Nc3 a6 4. f4 c6 5. Be3 d5 6. e5 h5 7. Nf3 Bg4 8. h3 Bxf3 9. Qxf3 e6 10. g3 Nd7 11. Bd3 Qc7 12. g4 Ne7 13. f5 hxg4 14. hxg4 Rxh1+ 15. Qxh1 gxf5 16. gxf5 exf5 17. Qh7 Bf8 18. O-O-O Nb6 19. Bg5 Qd7 20. Rf1 Qe6 21. Bxe7 Qxe7 22. Rxf5 Rd8 23. Rxf7 Qg5+ 24. Kb1 Rd7 25. Bg6 Qg1+ 26. Rf1+ 1-0


[Site "https://www.chess.com"]

[Event "Titled Tuesday Blitz May 23 Early 2023"]
[White "Kaczur, Florian"]
[Black "Staudenhocker43"]
[WhiteFideId "705098"]
[WhiteElo "2485"]
[BlackElo "2527"]
[Result "1-0"]
[Round "06"]
[TimeControl "180+2"]
[Date "2023.05.23"]
[WhiteClock "0:00:26"]
[BlackClock "0:00:03"]

1. e4 c5 2. Nf3 a6 3. d4 cxd4 4. Nxd4 Nf6 5. Bd3 e5 6. Nf3 d6 7. Bg5 Be7 8. Bxf6 Bxf6 9. O-O Be6 10. c4 O-O 11. Nc3 Nc6 12. Rc1 Bg5 13. Nxg5 Qxg5 14. b3 Rfd8 15. Qf3 Nd4 16. Qe3 Qxe3 17. fxe3 Nc6 18. Be2 Rab8 19. h3 Ne7 20. Rcd1 Kf8 21. Bg4 Bxg4 22. hxg4 h6 23. Rd3 Nc6 24. Rfd1 Ke7 25. Nd5+ Ke6 26. Nc7+ Ke7 27. Nd5+ Ke6 28. Nb6 Ke7 29. a3 Na7 30. Nd5+ Ke6 31. Kf2 Rbc8 32. Ke2 b5 33. cxb5 axb5 34. Rc3 Rxc3 35. Nxc3 Rc8 36. Kd3 Rc6 37. Ra1 Rc5 38. b4 Rc6 39. a4 bxa4 40. Rxa4 Nc8 41. b5 Rc5 42. Ra6 Kd7 43. Kc2 Kc7 44. Kb3 Kb7 45. Ra1 Nb6 46. g5 hxg5 47. Rh1 d5 48. exd5 Nxd5 49. Nxd5 Rxd5 50. Kc4 Rd2 51. Rh7 Rc2+ 52. Kd5 Rxg2 53. Rxg7 Rf2 54. Rxg5 Kb6 55. Rxe5 Kxb5 56. e4 Kb6 57. Kd6 Kb7 58. Kd7 Kb6 59. Rf5 Re2 60. e5 Kb7 61. Rxf7 Rd2+ 62. Ke7 Kc7 63. e6 Re2 64. Rf1 Rc2 65. Re1 Rh2 66. Rc1+ Kb7 67. Kd7 Rd2+ 68. Ke8 Re2 69. e7 Rf2 70. Rc4 Rh2 71. Kd7 1-0


[Site "https://www.chess.com"]

[Event "Titled Tuesday Blitz May 23 Early 2023"]
[White "Manukyan, Artyom"]
[Black "Jaracz, Pawel"]
[WhiteFideId "13305786"]
[BlackFideId "1102222"]
[WhiteElo "2078"]
[BlackElo "2438"]
[Result "1-0"]
[Round "06"]
[TimeControl "180+2"]
[Date "2023.05.23"]
[WhiteClock "0:00:13"]
[BlackClock "0:00:10"]

1. e4 e5 2. Nf3 Nc6 3. Bb5 a6 4. Bxc6 dxc6 5. O-O Qf6 6. d4 exd4 7. Bg5 Qg6 8. Qxd4 Be7 9. Bf4 c5 10. Qa4+ b5 11. Qb3 Be6 12. Qe3 Nf6 13. Nc3 b4 14. Nd5 Bxd5 15. exd5 Nxd5 16. Qe5 Nxf4 17. Qxf4 O-O 18. Qc4 Bd6 19. a3 Rfb8 20. Rfe1 Qf6 21. axb4 Rxb4 22. Qd5 Rd8 23. Rxa6 g6 24. b3 Kg7 25. Qg5 c4 26. Qxf6+ Kxf6 27. Re4 Rdb8 28. bxc4 Rxc4 29. Re1 Rxc2 30. Nd4 Rd2 31. Nf3 Rd3 32. h4 h6 33. Ne5 Rdb3 34. Nd7+ Kg7 35. Nxb8 Rb7 36. Nc6 Rb2 37. Ne5 Bc5 38. Nd3 1-0


[Site "https://www.chess.com"]

[Event "Titled Tuesday Blitz May 23 Early 2023"]
[White "Djordjevic, Vuk"]
[Black "Mladek, Richard"]
[WhiteFideId "902098"]
[BlackFideId "386588"]
[WhiteElo "2452"]
[BlackElo "2332"]
[Result "0-1"]
[Round "06"]
[TimeControl "180+2"]
[Date "2023.05.23"]
[WhiteClock "0:00:01"]
[BlackClock "0:00:06"]

1. d4 Nf6 2. Bg5 Ne4 3. Bf4 c5 4. f3 Qa5+ 5. c3 Nf6 6. d5 Qb6 7. Bc1 d6 8. e4 g6 9. Nd2 Bg7 10. Nc4 O-O 11. a4 Qc7 12. Be3 Rd8 13. Qd2 e6 14. Ne2 exd5 15. exd5 Nbd7 16. Ng3 Nb6 17. Nxb6 Qxb6 18. Bc4 Bd7 19. O-O Re8 20. Rfe1 Qc7 21. h4 b6 22. Bb5 a6 23. Bxd7 Qxd7 24. a5 b5 25. h5 Nxh5 26. Nxh5 gxh5 27. Bf4 h4 28. Qf2 h3 29. Qg3 Kh8 30. Bxd6 hxg2 31. Kxg2 Rg8 32. Rh1 Qf5 33. Rh4 Rad8 34. Rg4 Bf6 35. Bxc5 Rxg4 36. fxg4 Qxd5+ 37. Qf3 Qd2+ 38. Bf2 Qg5 39. Rh1 Rg8 40. Kh3 Qh6+ 41. Kg2 Qg6 42. Be3 h5 43. Kf1 Qxg4 44. Qxf6+ Rg7 45. Qd8+ Kh7 46. Qd3+ Kg8 47. Rg1 Qf3+ 48. Ke1 Rxg1+ 49. Kd2 Rg2+ 50. Kc1 Rg3 51. Qd8+ Kh7 52. Qd3+ Kg8 53. Qd8+ Kg7 54. Bd4+ Kg6 55. Qg8+ Kf5 56. Qxf7+ Ke4 57. Qh7+ Qf5 58. Qe7+ Kd3 59. Qe1 Qg5+ 60. Kb1 Rg2 61. Qf1+ Ke4 62. Qe1+ Kf3 63. Qf1+ Ke4 64. Ka2 Kd5 65. Qf3+ Kd6 66. Qe4 Qd5+ 67. Qxd5+ Kxd5 68. Kb3 h4 0-1


[Site "https://www.chess.com"]

[Event "Titled Tuesday Blitz May 23 Early 2023"]
[White "Yelisieiev, Yevhenii"]
[Black "Karthik Rajaa"]
[WhiteFideId "14139642"]
[BlackFideId "25035215"]
[WhiteElo "2403"]
[BlackElo "2215"]
[Result "0-1"]
[Round "06"]
[TimeControl "180+2"]
[Date "2023.05.23"]
[WhiteClock "0:00:10"]
[BlackClock "0:01:03"]

1. d4 Nf6 2. Nf3 g6 3. g3 b5 4. Bg2 Bb7 5. O-O Bg7 6. b3 O-O 7. Bb2 d6 8. Nbd2 Nbd7 9. Re1 c5 10. e4 cxd4 11. Nxd4 Qb6 12. c4 a6 13. Rc1 Nc5 14. Qe2 b4 15. Rcd1 a5 16. Nb5 a4 17. e5 dxe5 18. Bxb7 Qxb7 19. Bxe5 axb3 20. Nxb3 Ne6 21. Rd2 Ng5 22. f3 Nxf3+ 23. Kf2 Ng4+ 24. Kf1 Nxd2+ 25. Qxd2 Qh1+ 26. Ke2 Qxh2+ 27. Kd1 Qxd2+ 28. Nxd2 Nxe5 0-1


[Site "https://www.chess.com"]

[Event "Titled Tuesday Blitz May 23 Early 2023"]
[White "Hamley, Ryan"]
[Black "Wagner, Dennis"]
[WhiteFideId "30959497"]
[BlackFideId "24650684"]
[WhiteElo "2514"]
[BlackElo "2478"]
[Result "0-1"]
[Round "06"]
[TimeControl "180+2"]
[Date "2023.05.23"]
[WhiteClock "0:00:00"]
[BlackClock "0:00:09"]

1. e4 c5 2. Nf3 e6 3. c3 d5 4. e5 Nc6 5. d4 Bd7 6. Bd3 cxd4 7. cxd4 Qb6 8. Be2 Nh6 9. Bxh6 Qxb2 10. Bd2 Qxa1 11. Qb3 Nxd4 12. Nxd4 Qxd4 13. Qxb7 Rd8 14. O-O Qxe5 15. Re1 Bd6 16. g3 O-O 17. Bf4 Bc8 18. Qxa7 Qb2 19. Be3 Bb4 20. Bd4 Qc2 21. Nc3 Bxc3 22. Qc7 Qxe2 23. Qxc3 Qg4 24. Kg2 Bb7 25. h3 Qg6 26. Re5 Rc8 27. Qe3 Rc4 28. h4 h6 29. h5 Qg4 30. f3 Qxd4 0-1


[Site "https://www.chess.com"]

[Event "Titled Tuesday Blitz May 23 Early 2023"]
[White "Santos Flores, Alberto"]
[Black "Samunenkov, Ihor"]
[WhiteFideId "3601234"]
[BlackFideId "14187086"]
[WhiteElo "2235"]
[BlackElo "2457"]
[Result "0-1"]
[Round "06"]
[TimeControl "180+2"]
[Date "2023.05.23"]
[WhiteClock "0:00:00"]
[BlackClock "0:02:18"]

1. e4 c5 2. Nf3 Nc6 3. Nc3 g6 4. d4 cxd4 5. Nxd4 Bg7 6. Be3 Nf6 7. Bc4 O-O 8. Bb3 Re8 9. f3 d5 10. exd5 Nb4 11. Nde2 e6 12. dxe6 Bxe6 13. Qxd8 Raxd8 14. Bc5 Bxb3 15. Bxb4 Bc4 16. Rd1 Nd5 17. Rxd5 Bxd5 18. O-O Bc4 0-1


[Site "https://www.chess.com"]

[Event "Titled Tuesday Blitz May 23 Early 2023"]
[White "Martinez Ramirez, Lennis"]
[Black "Baches Garcia, Guillermo"]
[WhiteFideId "3509079"]
[BlackFideId "2209764"]
[WhiteElo "2410"]
[BlackElo "2512"]
[Result "1-0"]
[Round "06"]
[TimeControl "180+2"]
[Date "2023.05.23"]
[WhiteClock "0:00:21"]
[BlackClock "0:00:00"]

1. d4 d5 2. c4 e6 3. Nf3 h6 4. g3 Nf6 5. Bg2 Bd6 6. O-O O-O 7. c5 Be7 8. Nc3 b6 9. cxb6 axb6 10. Ne5 Nfd7 11. Nd3 Bb7 12. e4 dxe4 13. Nxe4 Nc6 14. Be3 Nf6 15. Rc1 Nxe4 16. Bxe4 Na5 17. Bxb7 Nxb7 18. a3 Rc8 19. Qg4 Kh8 20. Rfd1 Qe8 21. Ne5 Bd6 22. Qh5 Kh7 23. Bxh6 f6 24. Qh4 gxh6 25. Qe4+ f5 26. Qxb7 Rg8 27. f4 h5 28. Qf3 h4 29. Rc3 Rg7 30. Kf2 Qe7 31. Qh5+ Kg8 32. Ng6 Qf6 33. Qh8+ Kf7 34. Qxc8 hxg3+ 35. hxg3 Qxg6 36. Re3 Qh5 37. Rg1 Rg6 38. Qd7+ Kg8 39. Rxe6 1-0


[Site "https://www.chess.com"]

[Event "Titled Tuesday Blitz May 23 Early 2023"]
[White "Chan, Luis"]
[Black "Zhu, Jiner"]
[WhiteFideId "3216357"]
[BlackFideId "8608059"]
[WhiteElo "2127"]
[BlackElo "2384"]
[Result "0-1"]
[Round "06"]
[TimeControl "180+2"]
[Date "2023.05.23"]
[WhiteClock "0:00:03"]
[BlackClock "0:00:13"]

1. b3 e5 2. Bb2 d6 3. e3 Nd7 4. d4 e4 5. c4 f5 6. Ne2 Ngf6 7. Nbc3 g6 8. Nf4 Qe7 9. h4 c6 10. Be2 Bg7 11. Qd2 Kf7 12. f3 exf3 13. gxf3 Re8 14. Kf2 Bh6 15. Rae1 Nf8 16. d5 c5 17. Bd3 N8d7 18. Ne6 Ne5 19. Ng5+ Kf8 20. Bc2 Nh5 21. Rhg1 Bg7 22. Nxh7+ Kg8 23. Ng5 Bd7 24. f4 Ng4+ 25. Rxg4 fxg4 26. Bxg6 Nxf4 27. Bf7+ Kh8 28. Qc2 Nh3+ 29. Nxh3 Qxh4+ 30. Ke2 gxh3 31. Nd1 Bg4+ 32. Kd2 Rf8 33. Bg6 Rf2+ 34. Nxf2 Qxf2+ 35. Kd3 Qxe1 36. Bxg7+ Kxg7 37. Be4 Qd1+ 38. Qxd1 Bxd1 39. Kd2 Bg4 40. Ke1 h2 41. Bh1 Rf8 42. e4 Bh3 0-1


[Site "https://www.chess.com"]

[Event "Titled Tuesday Blitz May 23 Early 2023"]
[White "Jia, Haoxiang"]
[Black "Ordekalog"]
[WhiteFideId "8602999"]
[WhiteElo "2685"]
[BlackElo "2510"]
[Result "1/2-1/2"]
[Round "06"]
[TimeControl "180+2"]
[Date "2023.05.23"]
[WhiteClock "0:00:20"]
[BlackClock "0:00:03"]

1. d4 d5 2. c4 e6 3. Nf3 c5 4. cxd5 exd5 5. g3 Nc6 6. Bg2 Nf6 7. O-O Be7 8. dxc5 Bxc5 9. Bg5 O-O 10. Nc3 d4 11. Bxf6 Qxf6 12. Nd5 Qd8 13. Ne1 Re8 14. Nd3 Bb6 15. b4 Bg4 16. Re1 Be6 17. N3f4 Qd6 18. b5 Ne5 19. Nxe6 Rxe6 20. Nxb6 Qxb6 21. a4 Rd8 22. Qb3 a5 23. Rac1 h6 24. Red1 Rf6 25. Qc2 d3 26. Qc5 dxe2 27. Rxd8+ Qxd8 28. Qxe5 Qd1+ 29. Rxd1 exd1=Q+ 30. Bf1 Qf3 31. Qd4 b6 32. h4 h5 33. Bd3 g6 34. Bc4 Kh7 35. Bf1 Qf5 36. Bg2 Qe6 37. Kh2 Qd6 38. Qe3 Re6 39. Qf3 Kg7 40. Qc3+ Qe5 41. Qf3 Rf6 42. Qb7 Rxf2 43. Qxb6 Qb2 44. Qc6 Rc2 45. Qd5 Rd2 46. Qe4 Qd4 47. Qc6 Qb2 48. Qf3 Kg8 49. Qa8+ Kg7 50. Qc6 Rc2 51. Qf3 Rf2 52. Qe4 Re2 53. Qa8 Rf2 54. Qc6 Rc2 1/2-1/2


[Site "https://www.chess.com"]

[Event "Titled Tuesday Blitz May 23 Early 2023"]
[White "Mendez Fortes, Eduardo Jesus"]
[Black "Bagwe Gaurang"]
[WhiteFideId "3502376"]
[BlackFideId "45039895"]
[WhiteElo "2307"]
[BlackElo "1847"]
[Result "0-1"]
[Round "06"]
[TimeControl "180+2"]
[Date "2023.05.23"]
[WhiteClock "0:00:53"]
[BlackClock "0:00:07"]

1. e4 c5 2. Nf3 d6 3. d4 cxd4 4. Nxd4 Nf6 5. Nc3 a6 6. Bg5 Nbd7 7. Bc4 e6 8. Qe2 b5 9. Bb3 Bb7 10. f3 h6 11. Bh4 Be7 12. Bf2 Qc7 13. O-O O-O 14. a3 Rac8 15. Rad1 Nb6 16. Kh1 Nc4 17. Bxc4 Qxc4 18. Qe1 Nd7 19. Nb3 Qc7 20. Be3 Ne5 21. Qg3 Kh7 22. Bc1 Nc4 23. Ne2 d5 24. Qxc7 Rxc7 25. exd5 Bxd5 26. Nf4 Bb7 27. Nd3 Rg8 28. c3 Rd8 29. Nf2 Rcd7 30. Rxd7 Rxd7 31. Rd1 Rc7 32. Bf4 e5 33. Bg3 f5 34. Nd3 f4 35. Bf2 Rd7 36. Nbc1 e4 37. fxe4 Bxe4 38. Bd4 f3 39. Kg1 fxg2 40. Re1 Nd2 41. Ne5 Rd5 42. Ne2 Rxe5 43. Bxe5 Nf3+ 44. Kf2 Bh4+ 45. Bg3 Be7 46. Rd1 Bc5+ 47. Nd4 h5 48. Bf4 g1=Q+ 49. Rxg1 Nxg1 50. Kxg1 Bd5 51. Be3 Kg6 52. h4 Kf7 53. Kf2 Be7 54. Kg3 Bd6+ 55. Bf4 Be7 56. Nf5 Bf6 57. Ne3 Be6 58. Nc2 a5 59. Bc7 a4 60. Ne1 g5 61. hxg5 Bxg5 62. Nd3 h4+ 63. Kf3 Bd5+ 64. Kg4 Bf6 65. Nc5 Kg6 66. Bf4 Bc4 67. Ne4 Be2+ 68. Kh3 Be7 69. Bd6 Bd8 70. Nc5 Kf5 71. Nb7 Bg4+ 72. Kh2 Bg5 73. Na5 Ke4 74. Nc6 Kd3 75. Nd4 Kc4 76. Bb4 Be3 77. Kg2 Bf4 78. Kh1 h3 79. Nc6 Bf3+ 80. Kg1 h2+ 81. Kf2 Bxc6 82. b3+ Kxb3 83. Bd6 Bxd6 84. Ke2 Kxa3 85. Kd3 Be4+ 86. Kd4 Bc5+ 87. Ke5 Bd4+ 88. Ke6 Bxc3 89. Kd7 Be5 90. Kc8 Bd5 91. Kd7 Bd6 92. Kc8 Bc7 93. Kd7 h1=Q 94. Kc8 Bc6 95. Kxc7 Qd5 96. Kb6 b4 97. Ka7 Qd7+ 98. Kb6 Bd5 99. Kc5 Qc6+ 100. Kd4 Bh1 101. Ke5 b3 102. Kf4 b2 103. Ke3 b1=Q 104. Kd2 Qb2+ 105. Ke3 Qe4# 0-1


[Site "https://www.chess.com"]

[Event "Titled Tuesday Blitz May 23 Early 2023"]
[White "Sliwicki, Damian"]
[Black "Domingo Nunez, Ruben"]
[WhiteFideId "1127128"]
[BlackFideId "22245570"]
[WhiteElo "2030"]
[BlackElo "2404"]
[Result "0-1"]
[Round "06"]
[TimeControl "180+2"]
[Date "2023.05.23"]
[WhiteClock "0:00:11"]
[BlackClock "0:00:50"]

1. e4 g6 2. d4 Bg7 3. Nc3 c6 4. Bg5 d5 5. e5 f6 6. Bf4 Nh6 7. Qd2 Nf7 8. Nf3 Bg4 9. exf6 exf6 10. O-O-O O-O 11. Be2 Nd7 12. h3 Bxf3 13. Bxf3 f5 14. g4 g5 15. Bh2 f4 16. h4 h6 17. hxg5 Nxg5 18. Bg2 Qf6 19. f3 Rae8 20. Ne2 Nb6 21. Nxf4 Nc4 22. Qd3 Re3 23. Qg6 Nxf3 24. Bxf3 Rxf3 25. Qxf6 Bxf6 26. Ne6 Re8 27. Rde1 Re3 28. b3 R8xe6 29. Rxe3 Nxe3 30. Bf4 Bg5 31. Bxg5 hxg5 32. Re1 Kf7 33. Kd2 Nxg4 34. Rf1+ Nf6 0-1


[Site "https://www.chess.com"]

[Event "Titled Tuesday Blitz May 23 Early 2023"]
[White "Tokman, Ariel"]
[Black "Vlassov, Nikolai"]
[WhiteFideId "117420"]
[BlackFideId "4103360"]
[WhiteElo "2263"]
[BlackElo "2324"]
[Result "0-1"]
[Round "06"]
[TimeControl "180+2"]
[Date "2023.05.23"]
[WhiteClock "0:00:02"]
[BlackClock "0:00:23"]

1. c4 e5 2. g3 h5 3. h4 Nf6 4. Nc3 c6 5. Nf3 e4 6. Nd4 d5 7. cxd5 cxd5 8. d3 Bc5 9. dxe4 dxe4 10. Nb3 Qxd1+ 11. Nxd1 Bb4+ 12. Bd2 Nc6 13. Bg2 Bg4 14. Ne3 O-O-O 15. Bxb4 Nxb4 16. a3 Nbd5 17. Nxg4 hxg4 18. e3 Kb8 19. Ke2 Nb6 20. Rac1 Na4 21. Nd4 Rc8 22. b3 Nc5 23. b4 Nd3 24. Rxc8+ Rxc8 25. Rd1 Rc3 26. Rd2 Rxa3 27. Nf5 Nxb4 28. Nxg7 Nd3 29. h5 b5 30. h6 b4 31. Bxe4 Nxf2 32. h7 Nxh7 33. Bxh7 Nh1 34. Rb2 a5 35. Nf5 Kc7 36. Bg8 f6 37. Bd5 Ra1 38. Bxh1 Rxh1 39. Nd4 Rh2+ 0-1


[Site "https://www.chess.com"]

[Event "Titled Tuesday Blitz May 23 Early 2023"]
[White "Flynn, Jacob"]
[Black "Dehtiarov, Roman"]
[WhiteFideId "2509393"]
[BlackFideId "14186640"]
[WhiteElo "2053"]
[BlackElo "2189"]
[Result "0-1"]
[Round "06"]
[TimeControl "180+2"]
[Date "2023.05.23"]
[WhiteClock "0:00:01"]
[BlackClock "0:00:05"]

1. d4 Nf6 2. c4 e6 3. Nc3 Bb4 4. Qc2 O-O 5. Nf3 d5 6. cxd5 exd5 7. Bf4 c6 8. e3 Re8 9. Bd3 Ne4 10. O-O Bf5 11. a3 Bd6 12. Bxd6 Qxd6 13. b4 Bg6 14. Rfc1 Nd7 15. Na4 Ndf6 16. Nc5 Qe7 17. Ne5 Rac8 18. a4 Nxc5 19. bxc5 Bxd3 20. Qxd3 Ne4 21. Rab1 f6 22. Nf3 g5 23. Rb2 Rc7 24. Rcb1 h5 25. Nd2 f5 26. Rb3 f4 27. Nf3 g4 28. Ne5 g3 29. exf4 gxf2+ 30. Kh1 Qh4 31. Qh3 Qxh3 32. Rxh3 b6 33. cxb6 axb6 34. Rf3 c5 35. Rd1 cxd4 36. Nd3 Rc2 37. g3 Nc3 38. Rf1 Re3 39. Kg2 Ne4 40. Rd1 f1=Q+ 41. Kxf1 Rxf3+ 42. Kg1 Nc3 43. Re1 Re2 44. Rxe2 Nxe2+ 45. Kg2 Rxd3 0-1


[Site "https://www.chess.com"]

[Event "Titled Tuesday Blitz May 23 Early 2023"]
[White "Turzo, Attila"]
[Black "caropawn10"]
[WhiteFideId "704954"]
[WhiteElo "2492"]
[BlackElo "2666"]
[Result "1-0"]
[Round "06"]
[TimeControl "180+2"]
[Date "2023.05.23"]
[WhiteClock "0:00:25"]
[BlackClock "0:00:22"]

1. d4 Nf6 2. c4 e6 3. g3 d5 4. Bg2 Be7 5. Nf3 O-O 6. O-O c6 7. Qc2 Nbd7 8. Nbd2 b6 9. e4 Bb7 10. e5 Ne8 11. Re1 c5 12. cxd5 Bxd5 13. Ne4 h6 14. Be3 Rc8 15. dxc5 Nxc5 16. Nxc5 Bxc5 17. Bxc5 Rxc5 18. Qd2 Nc7 19. a3 Bxf3 20. Qxd8 Rxd8 21. Bxf3 Rc2 22. Rac1 Rdd2 23. Rxc2 Rxc2 24. Re2 Rc1+ 25. Kg2 Na6 26. b4 Rc3 27. Re3 Rxe3 28. fxe3 Kf8 29. Bb7 Nb8 30. Kf3 Ke7 31. Ke4 g5 32. Kd4 Kd7 33. g4 Kc7 34. Be4 Nd7 35. Bh7 Kd8 36. Be4 a5 37. bxa5 bxa5 38. Bc6 Nb8 39. Bb5 Ke7 40. Kc5 Kd8 41. Kd6 a4 42. e4 Kc8 43. Ke7 Kc7 44. Kxf7 Kb6 45. Bxa4 Kc5 46. Kxe6 1-0


[Site "https://www.chess.com"]

[Event "Titled Tuesday Blitz May 23 Early 2023"]
[White "Shukhman, Anna"]
[Black "Schnaider, Ilan"]
[WhiteFideId "54180058"]
[BlackFideId "169013"]
[WhiteElo "2235"]
[BlackElo "2224"]
[Result "1-0"]
[Round "06"]
[TimeControl "180+2"]
[Date "2023.05.23"]
[WhiteClock "0:01:28"]
[BlackClock "0:00:02"]

1. e4 c5 2. Nf3 d6 3. d4 cxd4 4. Nxd4 Nf6 5. Nc3 a6 6. Qd3 e5 7. Nf5 Bxf5 8. exf5 Nc6 9. Bg5 Be7 10. O-O-O b5 11. f4 Nd4 12. Bxf6 Bxf6 13. Nd5 Rc8 14. c3 Rc5 15. Qe4 O-O 16. Kb1 Nc6 17. b4 Rxd5 18. Qxd5 Ne7 19. Qxd6 Qc8 20. fxe5 Nxf5 21. Qd7 Qxc3 22. Qxf5 Bxe5 23. Rd2 Qxd2 24. Qxe5 Qd1+ 25. Kb2 Rc8 26. Bd3 Qxh1 27. Bxh7+ Kh8 28. Bc2 Qxg2 29. Qh5+ Kg8 30. Qh7+ Kf8 31. Qh8+ Ke7 32. Qxc8 Qxh2 33. Qb7+ Kf8 34. Qa8+ Ke7 35. Qa7+ Kf8 36. Qc5+ Kg8 37. Qc8# 1-0


[Site "https://www.chess.com"]

[Event "Titled Tuesday Blitz May 23 Early 2023"]
[White "Nagare Kaivalya Sandip"]
[Black "Pham, Le Thao Nguyen"]
[WhiteFideId "25957929"]
[BlackFideId "12401226"]
[WhiteElo "2024"]
[BlackElo "2286"]
[Result "1-0"]
[Round "06"]
[TimeControl "180+2"]
[Date "2023.05.23"]
[WhiteClock "0:01:34"]
[BlackClock "0:00:04"]

1. e4 c6 2. d4 d5 3. e5 Bf5 4. Nd2 e6 5. Nb3 Nd7 6. Be2 h6 7. Nf3 Ne7 8. O-O a6 9. Be3 Nc8 10. Rc1 b5 11. Nfd2 c5 12. dxc5 Nxe5 13. Nd4 Bh7 14. f4 Nc4 15. Nxc4 bxc4 16. b4 Be7 17. f5 exf5 18. Nxf5 O-O 19. Bd4 Bxf5 20. Rxf5 Bg5 21. Rb1 Ne7 22. Rf1 Nc6 23. Bf3 Qd7 24. a4 Rfe8 25. Kh1 Rad8 26. b5 axb5 27. axb5 Nxd4 28. Qxd4 Be3 29. c6 Bxd4 30. cxd7 Rxd7 31. Rbd1 Be3 32. Bxd5 c3 33. h3 Bd2 34. Bc6 Red8 35. Bxd7 Rxd7 36. b6 Rb7 37. Rb1 Be3 38. Rf3 Bd4 39. Rd3 Be5 40. Rd5 f6 41. Ra5 Bd4 42. Rb4 Bf2 43. Ra7 Rxa7 44. bxa7 Bxa7 45. Rc4 Bf2 46. Rxc3 Kf7 47. g4 Kg6 48. Kg2 Bd4 49. Rc8 Be5 50. Kf3 h5 51. c4 hxg4+ 52. Kxg4 f5+ 53. Kf3 Kf6 54. Rc6+ Ke7 55. c5 g5 56. Rg6 g4+ 57. hxg4 fxg4+ 58. Kxg4 Kd7 59. Kf5 Bd4 60. Rd6+ 1-0


[Site "https://www.chess.com"]

[Event "Titled Tuesday Blitz May 23 Early 2023"]
[White "Ilkhomi, Jaloliddin"]
[Black "merinasian"]
[WhiteFideId "14700948"]
[WhiteElo "2045"]
[BlackElo "2474"]
[Result "1-0"]
[Round "06"]
[TimeControl "180+2"]
[Date "2023.05.23"]
[WhiteClock "0:01:07"]
[BlackClock "0:00:00"]

1. Nf3 Nf6 2. c4 e6 3. g3 b6 4. Bg2 Bb7 5. O-O Be7 6. d4 O-O 7. Nc3 Ne4 8. Nxe4 Bxe4 9. Nh4 Bxg2 10. Nxg2 d6 11. e4 Nd7 12. Be3 c5 13. Qd3 cxd4 14. Bxd4 Qc7 15. b3 Bf6 16. Rad1 Rfd8 17. Ne3 Bxd4 18. Qxd4 Ne5 19. Kg2 Qb7 20. f4 Nc6 21. Qc3 Ne7 22. Qd3 f5 23. Kf3 e5 24. Nd5 exf4 25. gxf4 fxe4+ 26. Qxe4 Nxd5 27. Qxd5+ Qxd5+ 28. Rxd5 Rd7 29. Rfd1 Rad8 30. b4 Rc7 31. R1d4 Rdc8 32. Rxd6 Rxc4 33. Ke4 Rxd4+ 34. Kxd4 Rc7 35. a4 Kf7 36. Kd5 Ke7 37. Re6+ Kd7 38. Re2 Rc1 39. Rg2 g6 40. f5 Rd1+ 41. Ke5 Re1+ 42. Kf6 Rf1 43. Kg7 Rxf5 44. Kxh7 Rf4 45. b5 Rxa4 46. Kxg6 Rb4 47. Rg5 Rh4 48. Rh5 Rg4+ 49. Kf6 Rf4+ 50. Kg5 Rc4 51. Kg6 Rc5 52. h4 Rc1 53. Rg5 Rf1 54. h5 Kd6 55. h6 1-0


[Site "https://www.chess.com"]